 Dungeon Crawl Stone Soup version 0.28.0-43-g3370ac3207 (webtiles) character file.

Game seed: 16035322515391317481

25788 pkoi the Martial Artist (level 12, 0/97 HPs)
             Began as a Demigod Gladiator on Mar 25, 2022.
             Slain by Rupert
             ... wielding a +4 great mace of protection
              (33 damage)
             ... on level 3 of the Lair of Beasts.
             The game lasted 00:23:29 (17108 turns).

pkoi the Martial Artist (Demigod Gladiator)        Turns: 17108, Time: 00:23:30

Health: 0/97       AC: 15    Str: 18    XL:     12   Next: 56%
Magic:  23/23      EV: 19    Int: 26    God:
Gold:   887        SH:  5    Dex: 20    Spells: 15/21 levels left

rFire   + . .      SeeInvis .     - Unarmed
rCold   + . .      Faith    .   (no shield)
rNeg    . . .      Spirit   .   D - +4 ring mail {rF+}
rPois   .          Reflect  +   b - +1 helmet
rElec   .          Harm     .   (no cloak)
rCorr   .          Rampage  .   r - +2 pair of gloves of the Wild Haggis {Drain Fly Str+3 Dex+5}
Will    +....                   (no boots)
Stlth   +.........              q - amulet of reflection
HPRegen 0.26/turn               A - ring of protection from cold
MPRegen 0.18/turn               B - +4 ring of evasion

@: flying, studying Conjurations
A: high MP 1, forlorn, divine attributes
a: no special abilities


You were on level 3 of the Lair of Beasts.
You visited 3 branches of the dungeon, and saw 14 of its levels.
You also visited: Bailey.

You collected 927 gold pieces.
You spent 40 gold pieces at shops.

Inventory:

Hand Weapons
 n - a +3 dagger of venom
 M - a +0 dagger of venom
Missiles
 a - 17 boomerangs
 c - 6 throwing nets
 g - 34 poisoned darts (quivered)
 u - 9 curare-tipped darts
Armour
 b - a +1 helmet (worn)
 r - the +2 pair of gloves of the Wild Haggis (worn) {Drain Fly Str+3 Dex+5}
   (You found it on level 4 of the Dungeon)

   Str:       It affects your strength (+3).
   Dex:       It affects your dexterity (+5).
   Fly:       It grants you flight.
   Drain:     It drains your maximum health when unequipped.
 D - a +4 ring mail of fire resistance (worn)
Jewellery
 i - an amulet of regeneration
 k - the ring of Hihytaawk {Int+6 Dex+4}
   (You found it on level 2 of the Dungeon)

   [ring of intelligence]

   Int:       It affects your intelligence (+6).
   Dex:       It affects your dexterity (+4).
 q - an amulet of reflection (around neck)
 A - a ring of protection from cold (left hand)
 B - a +4 ring of evasion (right hand)
Wands
 l - a wand of digging (15)
 w - a wand of mindburst (8)
 G - a wand of charming (10)
 L - a wand of flame (8)
 P - a wand of acid (9)
Scrolls
 e - a scroll of fog
 h - 3 scrolls of fear
 j - 3 scrolls of brand weapon
 m - a scroll of amnesia
 y - 5 scrolls of teleportation
 E - a scroll of silence
 I - a scroll of enchant weapon
 J - a scroll of enchant armour
Potions
 d - 5 potions of curing
 f - 5 potions of mutation {unknown}
 o - 6 potions of attraction
 p - 3 potions of might {unknown}
 s - 4 potions of haste {unknown}
 t - a potion of resistance
 v - 2 potions of invisibility
 x - a potion of cancellation
 z - 5 potions of lignification
 C - 2 potions of heal wounds
 F - 5 potions of flight {unknown}
 H - a potion of magic
 K - a potion of ambrosia
 N - a potion of brilliance


   Skills:
 + Level 6.8 Fighting
 - Level 1.7 Throwing
 + Level 4.3 Armour
 + Level 7.2 Dodging
 * Level 14.0 Unarmed Combat
 + Level 5.1 Spellcasting
 + Level 2.0 Hexes
 - Level 5.1 Translocations
 + Level 2.1 Fire Magic
 + Level 4.3 Evocations


You had 15 spell levels left.
You knew the following spells:

 Your Spells              Type           Power      Damage    Failure   Level
a - Gell's Gravitas       Tloc           33%        N/A       4%          3
b - Inner Flame           Hex/Fire       17%        N/A       16%         3

Your spell library contained the following spells:

 Spells                   Type           Power      Damage    Failure   Level
 Teleport Other           Tloc           33%        N/A       4%          3
 Ensorcelled Hibernation  Hex/Ice        24%        N/A       13%         2
 Tukima's Dance           Hex            17%        N/A       16%         3
 Passwall                 Tmut/Erth      5%         N/A       19%         2
 Swiftness                Air            6%         N/A       36%         3
 Cause Fear               Hex            8%         N/A       47%         4
 Anguish                  Hex/Necr       6%         N/A       63%         4
 Dispersal                Tloc           16%        N/A       94%         6
 Enfeeble                 Hex            8%         N/A       100%        7
 Discord                  Hex            8%         N/A       100%        8


Dungeon Overview and Level Annotations

Branches:
Dungeon (10/15)            Temple (1/1) D:4            Lair (3/6) D:9
 Bailey (visited)
  Swamp: Lair:2-4    Shoals: Lair:2-4     Snake: Lair:2-4    Spider: Lair:2-4
    Orc: D:9-12

Shops:
D:4 (!=(   D:6 (

Annotations:
D:7 3 runed translucent doors, Jingleheimer's ghost, novice GrBe; Zeor's ghost, novice VSBe; hehateme's ghost, novice KoSu; pkoi's ghost, novice TrGl
Lair:3 Rupert


Innate Abilities, Weirdness & Mutations

You have an increased reservoir of magic. (+10% MP)
You shall have no god before yourself.
Your divine heritage dramatically boosts your attributes as you level up.


Message History

Aiming: Corrosive Bolt
Press: ? - help, Shift-Dir - straight line, f - Rupert
Aim: Rupert, wielding a +4 great mace of protection and wearing a +0 leather armour (berserk, 74% to hit)
The bolt of acid hits Rupert!
The acid corrodes Rupert!
Rupert is lightly wounded.
You hear a croak.
You hear a roar!
You punch Rupert!
Rupert is lightly wounded.
You block Rupert's attack.
You punch Rupert!
Rupert is lightly wounded.
Rupert closely misses you.
A bullfrog comes into view.
The bullfrog gives a loud, deep croak!
You hit Rupert. Your punch misses Rupert.
Rupert is lightly wounded.
Rupert hits you with a +4 great mace of protection!!
* * * LOW HITPOINT WARNING * * *
You hear a roar!
You pummel Rupert!!
Rupert is moderately wounded.
Rupert closely misses you.
An eight-headed hydra comes into view.
You punch Rupert!
Rupert is moderately wounded.
Rupert barely misses you.
Aiming: Corrosive Bolt
Press: ? - help, Shift-Dir - straight line, f - eight-headed hydra, p - Rupert
Aim: an eight-headed hydra (91% to hit)
The bolt of acid hits Rupert!!
Rupert seems to be corroded for longer.
Rupert is heavily wounded.
The bolt of acid hits the bullfrog!
The acid corrodes the bullfrog!
The bullfrog is almost dead.
The bolt of acid hits the eight-headed hydra!
The acid corrodes the eight-headed hydra!
The eight-headed hydra is lightly wounded.
Rupert hits you with a +4 great mace of protection!!!
* * * LOW HITPOINT WARNING * * *
Rupert hits you with a +4 great mace of protection!!
You die...

## #..... ..# ###
##..... ..##P##
#...... ....P
##..#.. ###..##
##..##. ###
#.....#####..####
#..##.#....#.#P..##
#...#........#....#
#@....(.#..^..##
#@#.#..P##.....#
.D#..#...####..##
..F##..#..## ##..#
#.#.. ..#.#.# #..#
.#.# ###?.#.. #...#
# #?# ##...##
##...## #. #.#.#
..... ## ##P#


You could see Rupert (berserk, corroded), an eight-headed hydra (corroded) and a
bullfrog (corroded).

Vanquished Creatures
  Harold (D:7)
  A centaur warrior (D:10)
  2 two-headed ogres
  Sonja (D:10)
  3 elephants (Lair:2)
  Joseph (D:8)
  4 cane toads
  Psyche (D:9)
  4 komodo dragons
  A troll (D:10)
  Grinder (D:6)
  7 blink frogs
  A shadow (D:10)
  A wyvern (Lair:2)
  11 yaks
  A basilisk (Lair:1)
  A steam dragon (D:8)
  Duvessa (D:7)
  12 water moccasins
  An ice beast (D:7)
  9 orc warriors
  2 sky beasts (D:8)
  2 black bears (D:6)
  2 necrophages
  13 wolves
  6 centaurs
  5 ogres
  A phantom (D:7)
  3 kobold brigands
  3 scorpions
  6 bullfrogs
  2 water moccasin skeletons (D:6)
  Dowan (D:7)
  5 killer bees (D:9)
  2 howler monkeys (D:8)
  A bullfrog zombie (D:6)
  5 centaur zombies
  4 hounds
  3 orc priests (D:9)
  A bullfrog skeleton (D:5)
  2 iguanas
  Jessica (D:2)
  Natasha (D:2)
  7 orc wizards
  6 hell rats (Lair:2)
  A hound skeleton (D:4)
  A howler monkey zombie (D:10)
  4 adders
  A shadow imp (D:6)
  A white imp (D:7)
  An ufetubus (D:5)
  4 worms
  A dart slug (D:4)
  22 orcs
  7 ball pythons
  6 bats
  5 endoplasms
  A giant cockroach (D:4)
  8 goblins
  13 hobgoblins
  3 jackals (D:4)
  5 quokkas
  4 frilled lizards
  31 kobolds
  6 rats
274 creatures vanquished.

Vanquished Creatures (others)
  An orc warrior (D:9)
  17 fungi
  17 plants
35 creatures vanquished.

Grand Total: 309 creatures vanquished

Notes
Turn   | Place    | Note
-------+----------+-------------------------------------------
     0 | D:1      | pkoi the Demigod Gladiator began the quest for the Orb.
     0 | D:1      | Reached XP level 1. HP: 17/17 MP: 3/3
   162 | D:1      | Reached skill level 3 in Unarmed Combat
   506 | D:1      | Reached XP level 2. HP: 24/24 MP: 4/4
  2083 | D:2      | Reached XP level 3. HP: 28/29 MP: 5/5
  2096 | D:2      | Reached skill level 4 in Unarmed Combat
  2187 | D:2      | Noticed Natasha
  2206 | D:2      | Killed Natasha
  2474 | D:2      | Identified the ring of Hihytaawk {Int+6 Dex+4}
  2506 | D:2      | Noticed Jessica
  2511 | D:2      | Killed Jessica
  2512 | D:2      | Reached XP level 4. HP: 36/36 MP: 6/6
  3685 | D:3      | Reached skill level 5 in Unarmed Combat
  4294 | D:4      | Reached XP level 5. HP: 32/42 MP: 7/7
  4696 | D:4      | Noticed an ogre
  4714 | D:4      | Killed an ogre
  4954 | D:4      | Reached XP level 6. HP: 42/50 MP: 8/8
  5010 | D:4      | Found Ricoupuo's Weapon Shoppe.
  5020 | D:4      | Identified the +2 pair of gloves of the Wild Haggis {Drain
                  | Fly Str+3 Dex+5}
  5129 | D:4      | Found Jizehe's Jewellery Shoppe.
  5143 | D:4      | Reached skill level 6 in Unarmed Combat
  5221 | D:4      | Found Otabar's Antique Weapon Shoppe.
  5564 | D:4      | Found Wafocuba's Distillery.
  5570 | D:4      | Bought a potion of degeneration for 10 gold pieces
  5570 | D:4      | Bought a potion of attraction for 30 gold pieces
  6072 | D:4      | Found a staircase to the Ecumenical Temple.
  6228 | D:5      | Entered Level 5 of the Dungeon
  6627 | D:5      | Reached XP level 7. HP: 58/58 MP: 9/9
  6648 | D:5      | Reached skill level 7 in Unarmed Combat
  6772 | Temple   | Entered the Ecumenical Temple
  7649 | D:6      | Reached skill level 8 in Unarmed Combat
  7649 | D:6      | Reached XP level 8. HP: 66/67 MP: 10/10
  7792 | D:6      | Reached skill level 5 in Fighting
  7861 | D:6      | Found Bavuahe's Weapon Emporium.
  7861 | D:6      | Noticed Grinder
  8011 | D:6      | Learned a level 3 spell: Gell's Gravitas
  8060 | D:6      | Killed Grinder
  8077 | D:6      | Reached skill level 1 in Spellcasting
  8077 | D:6      | Reached skill level 1 in Translocations
  8381 | D:7      | Identified a scroll of acquirement
  8381 | D:7      | Acquired a manual of Conjurations
  8475 | D:7      | Noticed Harold
  8498 | D:7      | Killed Harold
  8499 | D:7      | Reached skill level 9 in Unarmed Combat
  8499 | D:7      | Reached XP level 9. HP: 23/75 MP: 12/15
  8692 | D:7      | Found a runed translucent gate.
  8692 | D:7      | Found a runed translucent gate.
  8692 | D:7      | Found a runed translucent gate.
  8699 | D:7      | Noticed Jingleheimer's ghost (novice GrBe)
  8699 | D:7      | Noticed Zeor's ghost (novice VSBe)
  8700 | D:7      | Noticed hehateme's ghost (novice KoSu)
  8708 | D:7      | Noticed pkoi's ghost (novice TrGl)
  8923 | D:7      | Reached skill level 5 in Dodging
  8936 | D:7      | Noticed Dowan
  8939 | D:7      | Noticed Duvessa
  8970 | D:7      | Killed Duvessa
  8974 | D:7      | Killed Dowan
  9794 | D:8      | Noticed Joseph
  9812 | D:8      | Killed Joseph
  9813 | D:8      | Reached skill level 10 in Unarmed Combat
 10271 | D:8      | Noticed a two-headed ogre
 10278 | D:8      | Reached skill level 1 in Evocations
 10285 | D:8      | Killed a two-headed ogre
 10286 | D:8      | Reached skill level 1 in Armour
 10286 | D:8      | Reached XP level 10. HP: 18/83 MP: 18/18
 11088 | D:9      | Noticed a two-headed ogre
 11097 | D:9      | Killed a two-headed ogre
 11263 | D:9      | Found a staircase to the Lair.
 11454 | D:9      | Noticed Psyche
 11466 | D:9      | Killed Psyche
 11987 | D:10     | Entered Level 10 of the Dungeon
 12035 | D:10     | Found a flagged portal.
 12114 | Bailey   | Entered a bailey
 12450 | Bailey   | Noticed an orc warlord
 12568 | Bailey   | Found a runed translucent gate.
 12570 | Bailey   | Found a runed translucent gate.
 12572 | Bailey   | Found a runed translucent gate.
 12623 | Bailey   | Reached skill level 11 in Unarmed Combat
 13090 | D:10     | Reached skill level 13 in Unarmed Combat
 13090 | D:10     | Reached XP level 11. HP: 89/89 MP: 20/20
 13271 | D:10     | Noticed Sonja
 13283 | D:10     | Killed Sonja
 13776 | D:10     | Noticed a centaur warrior
 13788 | D:10     | Killed a centaur warrior
 14160 | Lair:1   | Entered Level 1 of the Lair of Beasts
 14317 | Lair:1   | Reached XP level 12. HP: 96/96 MP: 22/22
 14439 | Lair:1   | Reached skill level 5 in Translocations
 15098 | Lair:1   | Learned a level 3 spell: Inner Flame
 15300 | Lair:2   | Reached skill level 1 in Fire Magic
 15527 | Lair:2   | Reached skill level 1 in Hexes
 16192 | Lair:2   | Reached skill level 5 in Spellcasting
 16584 | Lair:2   | Reached skill level 14 in Unarmed Combat
 17101 | Lair:3   | Noticed Rupert
 17106 | Lair:3   | Noticed an eight-headed hydra
 17108 | Lair:3   | Slain by Rupert

Illustrated notes

Levels and vault maps discovered:
D:1:      doesnt_arrival_eight_statues, layout_basic,
          shapermc_ecumenical_altar_mp_highgroup
D:2:      layout_basic, kennysheep_generic_room_7, uniq_natasha, uniq_jessica
D:3:      wad_river_or_something, layout_loops_ring
D:4:      layout_loops_ring, minmay_temple_entry_from_below_a, serial_shops,
          nicolae_shop_hallway_plus, nicolae_shop_bloodbath_and_beyond, shop,
          shop
D:5:      layout_loops_ring
D:6:      layout_gridville, mainiacjoe_overflow_six_doors_small,
          overflow_temple_1_default, serial_shops, shop, uniq_grinder
D:7:      layout_loops_ring, gammafunk_ghost_cemetery, uniq_duvessa, uniq_harold
D:8:      layout_basic, kennysheep_potato, uniq_joseph
D:9:      layout_roguey, lair_entry_dummy, uniq_psyche
D:10:     layout_roguey, enter_bailey_2, minmay_misc_feat_five, uniq_sonja
Temple:   mainiacjoe_temple_cubbyholes
Lair:1:   layout_misc_corridors, lemuel_fruit_tree, lemuel_fruit_fields
Lair:2:   layout_roguey, chequers_serial_rivers_large_b, serial_bayou_shore_b
Lair:3:   layout_cave_pods, portal_ice_cave_demonic_guard, minivault_23,
          minmay_shattered_shrine, uniq_rupert

Skill      XL: |  1  2  3  4  5  6  7  8  9 10 11 12 |
---------------+-------------------------------------+-----
Unarmed Combat | 3 4 5 6 8 9 10 13 14 | 14.0
Fighting       | 2 3 4 5 6 |  6.8
Dodging        | 3 4 5 6 7 |  7.2
Spellcasting   | 2 3 4 5 |  5.1
Translocations | 2 3 4 5 |  5.1
Evocations     | 1 3 4 |  4.3
Armour         | 1 2 3 4 |  4.3
Fire Magic     | 2 |  2.1
Hexes          | 2 |  2.0
Throwing       | |  1.7

Action                   |  1- 3 |  4- 6 |  7- 9 | 10-12 || total
-------------------------+-------+-------+-------+-------++-------
Melee: Unarmed           |   130 |    54 |   244 |   651 ||  1079
       Punch             |     2 |    14 |    23 |    52 ||    91
       Dagger            |       |   100 |    91 |       ||   191
Throw: Dart              |       |     3 |       |    17 ||    20
Evoke: Wand              |       |       |     2 |     5 ||     7
  Use: Potion            |       |     1 |     4 |     1 ||     6
       Scroll            |       |     3 |    11 |     4 ||    18
 Stab: Sleeping          |     1 |     3 |       |       ||     4
       Distracted        |       |     1 |       |       ||     1
Armor: Leather armour    |    30 |    35 |    77 |       ||   142
       Skin              |       |       |     9 |       ||     9
       Ring mail         |       |       |     5 |   136 ||   141
Dodge: Dodged            |    75 |   104 |   259 |   490 ||   928
Block: Other             |       |       |       |   123 ||   123
